 Dungeon Crawl Stone Soup version 0.22.0-13-g43fe8f2 (webtiles) character file.

11951 beigtais the Cleaver (level 11, -1/89 HPs)
             Began as a Demonspawn Fighter on Aug 13, 2018.
             Was a Follower of Uskayaw.
             Succumbed to Josephine's poison
             ... on level 10 of the Dungeon on Aug 16, 2018.
             The game lasted 01:42:58 (16108 turns).

beigtais the Cleaver (Demonspawn Fighter)          Turns: 16108, Time: 01:43:00

Health: -1/89      AC: 16    Str: 17    XL:     11   Next: 56%
Magic:  1/14       EV:  6    Int: 17    God:    Uskayaw [*.....]
Gold:   1295       SH: 13    Dex: 21    Spells: 10/10 levels left

rFire    . . .     SeeInvis .   a - +2 war axe
rCold    . . .     Gourm    .   c - +2 shield
rNeg     . . .     Faith    .   x - +1 plate armour
rPois    .         Spirit   +   j - +0 helmet
rElec    .         Reflect  .   s - +0 cloak
rCorr    +         Harm     .   (no gloves)
MR       +....                  (no boots)
Stlth    ..........             (no amulet)
HPRegen  0.24/turn              t - ring of resist corrosion
MPRegen  0.14/turn              A - ring of protection from magic

@: brilliant, lethally poisoned (-1 -> -38), about to teleport, drained
A: hooves 1, thin skeletal structure 3, clever 1, deterioration 1, low mp 1,
robust 1, spiny 1, magic shield
a: Stomp, Renounce Religion


You were on level 10 of the Dungeon.
You worshipped Uskayaw.
Uskayaw was noncommittal.
You were hungry.

You visited 3 branches of the dungeon, and saw 13 of its levels.

You collected 1295 gold pieces.

Inventory:

Hand Weapons
 a - a +2 war axe (weapon)
 h - a +0 morningstar
 E - a +0 blowgun
Missiles
 g - 232 stones
 r - 18 tomahawks (quivered)
 C - 8 tomahawks of returning
 D - 4 curare-tipped needles
Armour
 b - a +0 scale mail
 c - a +2 shield (worn)
 j - a +0 helmet (worn)
 m - a +4 chain mail
 s - a +0 cloak (worn)
 u - a +0 pair of boots
 x - a +1 plate armour (worn)
 B - the +1 scale mail of Xeorra {rCorr Str-2 Dex+8 SInv}
   (You acquired it on level 10 of the Dungeon)

   It affects your strength (-2).
   It affects your dexterity (+8).
   It lets you see invisible.
   It provides partial protection from all sources of acid and corrosion.
 F - a +0 cloak
 G - the +5 ring mail of Experimentation {MR+ Int+2}
   (You took it off a kobold on level 10 of the Dungeon)

   It affects your intelligence (+2).
   It affects your resistance to hostile enchantments.
Jewellery
 t - a ring of resist corrosion (left hand)
 y - an uncursed amulet of the gourmand {unknown}
 A - a ring of protection from magic (right hand)
Wands
 l - a wand of clouds (4)
 v - a wand of flame (46)
 H - a wand of iceblast (9)
Scrolls
 d - 5 scrolls of remove curse
 e - 2 scrolls of amnesia
 n - 3 scrolls of magic mapping
 o - a scroll of teleportation
Potions
 i - a potion of ambrosia
 p - a potion of lignification
 q - a potion of flight
 z - 4 potions of brilliance
 I - a potion of invisibility
Comestibles
 f - 21 rations


   Skills:
 * Level 6.3(5.1) Fighting
 * Level 9.0(8.0) Axes
 * Level 2.8(5.2) Maces & Flails
 * Level 4.6(3.5) Throwing
 * Level 7.0(5.9) Armour
 * Level 5.3(4.2) Dodging
 + Level 2.8(1.7) Stealth
 * Level 6.9(5.7) Shields
 * Level 6.4(5.2) Invocations
 * Level 3.6(2.6) Evocations


You had 10 spell levels left.
You didn't know any spells.
Your spell library contained the following spells:

 Spells                   Type           Power        Failure   Level  Hunger
 Cause Fear               Hex            ##........   100%        4    #####..
 Lightning Bolt           Conj/Air       ##........   100%        5    ######.
 Bolt of Magma            Conj/Fire/Erth ##........   100%        5    ######.
 Slow                     Hex            ##......     96%         2    ###....
 Confuse                  Hex            ##......     99%         3    ####...
 Venom Bolt               Conj/Pois      ##........   100%        5    ######.
 Iron Shot                Conj/Erth      ##........   100%        6    #######
 Stone Arrow              Conj/Erth      ##....       99%         3    ####...
 Shock                    Conj/Air       ##..         91%         1    ##.....
 Swiftness                Chrm/Air       ##......     96%         2    ###....
 Airstrike                Air            ##........   100%        4    #####..
 Confusing Touch          Hex            ##....       91%         1    ##.....
 Passwall                 Tmut/Erth      ##......     96%         2    ###....
 Metabolic Englaciation   Hex/Ice        ##........   100%        5    ######.
 Static Discharge         Conj/Air       ##......     99%         3    ####...
 Corona                   Hex            ##.....      91%         1    ##.....
 Lee's Rapid Deconstruct  Erth           ##........   100%        5    ######.
 Sandblast                Erth           ##....       91%         1    ##.....
 Portal Projectile        Hex/Tloc       ##....       99%         3    ####...
 Petrify                  Tmut/Erth      ##......     100%        4    #####..
 Orb of Destruction       Conj           ##........   100%        7    #######
 Leda's Liquefaction      Hex/Erth       ##........   100%        4    #####..
 Inner Flame              Hex/Fire       ##......     99%         3    ####...
 Iskenderun's Battlesphe  Conj/Chrm      ##......     100%        5    ######.
 Spellforged Servitor     Conj/Summ      ##........   100%        7    #######
 Gell's Gravitas          Tloc           ##........   99%         3    ####...
 Yara's Violent Unravell  Hex/Tmut       ##........   100%        5    ######.


Dungeon Overview and Level Annotations

Branches:
Dungeon (10/15)            Temple (0/1) D:4            Lair (1/6) D:8
    Orc (2/2) D:10
    Elf: Orc:2

Altars:
Ashenzari
Cheibriados
Dithmenos
Gozag
Hepliaklqana
Kikubaaqudgha
Makhleb
Qazlal
Ru
Trog
Uskayaw
Vehumet
Wu Jian
Yredelemnul
Zin
Beogh

Annotations:
D:10 Fannar, Josephine
Orc:2 Nessos


Innate Abilities, Weirdness & Mutations

You have large cloven feet.
You have an unnaturally thin skeletal structure. (Dex +6, Stealth++)
You are partially covered in sharp spines.
When hurt, damage is shared between your health and your magic reserves.
Your mind is acute. (Int +2)
Your body sometimes deteriorates upon taking damage.
Your magical capacity is low. (-10% MP)
You are robust. (+10% HP)


Message History

You feel very sick. Fannar hits you but does no damage.
The ice beast is struck by your spines.
The ice beast hits you but does no damage.
Something hits you but does no damage.
You are more poisoned.
As you read the scroll of fear, it crumbles to dust.
You assume a fearsome visage.
The ice beast looks frightened!
Fannar looks frightened!
* * * LOW HITPOINT WARNING * * *
You feel very sick.
Fannar gestures wildly while chanting.
Fannar blinks!
Something hits you but does no damage.
Okay, then.
As you read the scroll of teleportation, it crumbles to dust.
You feel strangely unstable.
* * * LOW HITPOINT WARNING * * *
You feel very sick.
Fannar gestures wildly while chanting.
Fannar blinks!
You block something's attack.
You die...

##############
#............#
#.##########.# #.#
######.######
###.#####.......#...
#.[.............#.####
##.#.#####..Y..........
........##.........###.
##.###..##.....{@### .).#
#..##.......#
##.###..##.......##
#...>..##........# ##
#.####.##.##.#e#.# ##.
##.####.#.............../
##..
...........#..###.##.###.
##... ##..######.#.# #.#
# #.... ....# #. #.#
####...


You could see Fannar (fleeing) and an ice beast (fleeing).

Vanquished Creatures
  Harold (D:7)
  Pikel (D:4)
  A wizard (D:10)
  A cyclops (Orc:1)
  Maurice (Orc:2)
  Joseph (D:7)
  Psyche (D:8)
  2 trolls (D:9)
  A hornet (D:10)
  2 hippogriffs
  3 wraiths (D:10)
  A spriggan (D:7)
  A wyvern (D:9)
  The ghost of nicolaieve the Cudgeler, an amateur MiBe of Trog (D:2)
  Menkaure (D:7)
  Edmund (D:4)
  12 orc warriors
  3 slaves (D:4)
  2 black bears
  A necrophage (D:7)
  2 ice beasts
  10 ogres
  3 phantoms
  2 centaurs
  4 big kobolds
  A crocodile (Lair:1)
  8 bullfrogs
  A wyvern skeleton (D:6)
  15 killer bees
  2 howler monkeys
  2 crimson imps
  A quasit (D:9)
  Crazy Yiuf (D:7)
  A bullfrog zombie (D:8)
  A bullfrog skeleton (D:4)
  4 centaur skeletons
  18 orc priests
  2 jellies
  17 orc wizards
  7 worker ants
  5 hound zombies
  A hound skeleton (D:7)
  3 worker ant zombies (D:10)
  16 gnolls
  16 adders
  4 shadow imps
  2 oozes
  2 adder zombies
  3 adder skeletons
  2 worms
  2 dart slugs
  6 leopard geckos
  69 orcs
  5 ball pythons
  12 bats
  8 giant cockroaches
  10 goblins
  9 hobgoblins
  4 jackals (D:1)
  21 kobolds
  3 quokkas
  A ball python skeleton (D:4)
  4 frilled lizards
  A leopard gecko zombie (D:9)
  A quokka zombie (D:9)
  8 rats
  A fungus (D:7)
359 creatures vanquished.

Vanquished Creatures (others)
  A killer bee (D:9)
1 creature vanquished.

Grand Total: 360 creatures vanquished

Notes
Turn   | Place    | Note
-------+----------+-------------------------------------------
     0 | D:1      | beigtais the Demonspawn Fighter began the quest for the Orb.
     0 | D:1      | Reached XP level 1. HP: 18/18 MP: 1/1
   109 | D:1      | Gained mutation: You have a somewhat thin skeletal structure. (Dex +2, Stealth) [demonic ancestry]
   109 | D:1      | Reached XP level 2. HP: 21/24 MP: 2/2
   112 | D:1      | Reached skill level 2 in Axes
   341 | D:1      | Gained mutation: You are partially covered in sharp spines. [demonic ancestry]
   341 | D:1      | Reached XP level 3. HP: 28/29 MP: 3/3
   774 | D:2      | Reached skill level 1 in Dodging
   823 | D:2      | Gained mutation: You have a moderately thin skeletal structure. (Dex +4, Stealth+) [demonic ancestry]
   823 | D:2      | Reached XP level 4. HP: 25/35 MP: 4/4
   834 | D:2      | Reached skill level 3 in Axes
  1264 | D:2      | Found a hide-covered altar of Uskayaw.
  1272 | D:2      | Became a worshipper of Uskayaw the Reveler
  1283 | D:2      | Found a basalt altar of Yredelemnul.
  1286 | D:2      | Found a shattered altar of Ashenzari.
  1289 | D:2      | Found an ornate altar of the Wu Jian Council.
  1343 | D:2      | Reached * piety under Uskayaw
  1434 | D:2      | Reached XP level 5. HP: 39/41 MP: 1/5
  1472 | D:2      | Found a snail-covered altar of Cheibriados.
  1571 | D:2      | Found a stormy altar of Qazlal.
  1832 | D:3      | Reached ** piety under Uskayaw
  1979 | D:3      | Reached skill level 4 in Axes
  2610 | D:3      | Found a runed gate.
  2611 | D:3      | Found an opulent altar of Gozag.
  2611 | D:3      | Noticed an ice beast
  2611 | D:3      | Noticed nicolaieve's ghost (amateur MiBe)
  2612 | D:3      | Found a runed gate.
  2612 | D:3      | Found a runed gate.
  2648 | D:3      | Gained mutation: When hurt, damage is shared between your health and your magic reserves. [demonic ancestry]
  2648 | D:3      | Reached XP level 6. HP: 48/48 MP: 6/6
  2826 | D:4      | Reached skill level 1 in Throwing
  3341 | D:4      | Reached skill level 1 in Stealth
  3593 | D:4      | Reached XP level 7. HP: 54/54 MP: 0/7
  3688 | D:4      | Noticed Pikel
  3950 | D:4      | Noticed Edmund
  4305 | D:4      | Killed Pikel
  4305 | D:4      | Reached skill level 5 in Axes
  4623 | D:4      | Gained mutation: You have an unnaturally thin skeletal structure. (Dex +6, Stealth++) [demonic ancestry]
  4623 | D:4      | Reached XP level 8. HP: 53/61 MP: 9/9
  4675 | D:4      | Found a staircase to the Ecumenical Temple.
  4746 | D:5      | Entered Level 5 of the Dungeon
  5070 | D:5      | Found a glowing silver altar of Zin.
  5236 | D:5      | Found a sacrificial altar of Ru.
  5236 | D:5      | Found an ancient bone altar of Kikubaaqudgha.
  5310 | D:5      | Reached skill level 5 in Armour
  5687 | D:6      | Reached skill level 6 in Axes
  6426 | D:6      | Reached *** piety under Uskayaw
  6749 | D:6      | Found a bloodstained altar of Trog.
  6811 | D:6      | Reached XP level 9. HP: 66/66 MP: 11/11
  7231 | D:7      | Reached skill level 5 in Shields
  7591 | D:7      | Noticed Menkaure
  7595 | D:7      | Killed Menkaure
  7621 | D:7      | Reached skill level 5 in Fighting
  7623 | D:7      | Reached skill level 1 in Evocations
  7625 | D:7      | Reached **** piety under Uskayaw
  7632 | D:7      | Reached ***** piety under Uskayaw
  7966 | D:7      | Noticed Harold
  7977 | D:7      | Noticed Joseph
  8543 | D:4      | Killed Edmund
  8574 | D:3      | Upgraded the game from 0.22.0-5-gf09313c to 0.22.0-6-g71bd7aa
  8622 | D:2      | Killed nicolaieve's ghost
  8622 | D:2      | Reached skill level 7 in Axes
  9116 | D:7      | Killed Harold
  9116 | D:7      | Gained mutation: You have large cloven feet. [demonic ancestry]
  9116 | D:7      | Reached XP level 10. HP: 71/74 MP: 11/13
  9487 | D:7      | Found a runed door.
  9491 | D:7      | Noticed Crazy Yiuf
  9496 | D:7      | Killed Crazy Yiuf
  9575 | D:8      | Noticed an orange demon
  9577 | D:8      | Noticed a hell beast
  9578 | D:8      | Found a basalt altar of Yredelemnul.
  9579 | D:8      | Noticed an orange demon
  9580 | D:8      | Noticed an orange demon
  9607 | D:8      | Reached skill level 5 in Invocations
  9631 | D:8      | Noticed Psyche
  9646 | D:8      | Killed Psyche
 10036 | D:8      | Found a staircase to the Lair.
 10099 | D:8      | Found a burning altar of Makhleb.
 10100 | D:8      | Found a radiant altar of Vehumet.
 10214 | Lair:1   | Entered Level 1 of the Lair of Beasts
 10236 | Lair:1   | Noticed a seven-headed hydra
 10452 | D:7      | Upgraded the game from 0.22.0-6-g71bd7aa to 0.22.0-13-g43fe8f2
 10503 | D:7      | Killed Joseph
 10704 | D:9      | Found a hazy altar of Hepliaklqana.
 10807 | D:9      | Reached skill level 8 in Axes
 11077 | D:9      | Reached skill level 1 in Maces & Flails
 11267 | D:9      | Found a shadowy altar of Dithmenos.
 11429 | D:10     | Entered Level 10 of the Dungeon
 12064 | D:10     | Reached XP level 11. HP: 73/81 MP: 11/15
 12284 | D:10     | Found a staircase to the Orcish Mines.
 12487 | Orc:1    | Entered Level 1 of the Orcish Mines
 12633 | Orc:1    | Found a roughly hewn altar of Beogh.
 13186 | Orc:1    | Reached skill level 5 in Dodging
 14047 | Orc:2    | Entered Level 2 of the Orcish Mines
 14451 | Orc:2    | Found a roughly hewn altar of Beogh.
 14661 | Orc:2    | Noticed Maurice
 14675 | Orc:2    | Killed Maurice
 14780 | Orc:2    | Noticed Nessos
 15162 | D:10     | Noticed a wizard
 15175 | D:10     | Killed a wizard
 15175 | D:10     | Reached skill level 9 in Axes
 15466 | D:10     | Noticed Josephine
 15499 | D:10     | Identified a scroll of acquirement
 15500 | D:10     | Got a slimy scale mail
 15511 | D:10     | Identified the +1 scale mail of Xeorra {rCorr Str-2 Dex+8 SInv} (You acquired it on level 10 of the Dungeon)
 15886 | D:10     | Got a topaz-encrusted ring mail
 15915 | D:10     | Identified the +5 ring mail of Experimentation {MR+ Int+2} (You took it off a kobold on level 10 of the Dungeon)
 16090 | D:10     | Noticed Fannar
 16105 | D:10     | Gained mutation: Your mind is acute. (Int +2) [potion of mutation]
 16105 | D:10     | Gained mutation: Your body sometimes deteriorates upon taking damage. [potion of mutation]
 16105 | D:10     | Gained mutation: Your magical capacity is low. (-10% MP) [potion of mutation]
 16105 | D:10     | Gained mutation: You are robust. (+10% HP) [potion of mutation]
 16106 | D:10     | HP: 4/89 [poisoned by Josephine]
 16108 | D:10     | Succumbed to Josephine's poison

Skill      XL: |  1  2  3  4  5  6  7  8  9 10 11 |
---------------+----------------------------------+-----
Axes           | 2 3 4 5 6 7 8 9 |  9.0
Armour         | 3 4 5 6 7 |  7.0
Dodging        | 1 2 3 4 5 |  5.3
Shields        | 3 4 6 |  6.9
Throwing       | 1 2 3 4 |  4.6
Fighting       | 4 5 6 |  6.3
Stealth        | 1 2 |  2.8
Invocations    | 2 3 4 5 6 |  6.4
Evocations     | 1 3 |  3.6
Maces & Flails | 1 2 |  2.8

Action                   |  1- 3 |  4- 6 |  7- 9 | 10-12 || total
-------------------------+-------+-------+-------+-------++-------
Melee: War axe           |    93 |   118 |   279 |   359 ||   849
       Kick              |       |       |       |   183 ||   183
       Morningstar       |       |       |       |    73 ||    73
 Fire: Blowgun           |       |       |       |     6 ||     6
Throw: Stone             |       |    23 |     1 |     6 ||    30
       Tomahawk          |       |     7 |    34 |    45 ||    86
Invok: Stomp             |       |    12 |    17 |    32 ||    61
       Line Pass         |       |     2 |     7 |    10 ||    19
Evoke: Wand              |       |       |    17 |    21 ||    38
  Use: Scroll            |     4 |     4 |    14 |    14 ||    36
       Potion            |     3 |     1 |     9 |     2 ||    15
 Stab: Sleeping          |       |     1 |     3 |       ||     4
       Confused          |       |     1 |     2 |     1 ||     4
       Paralysed         |       |       |     5 |     7 ||    12
       Distracted        |       |       |     1 |       ||     1
       Invisible         |       |       |     4 |     1 ||     5
  Eat: Chunk             |       |     8 |    13 |    18 ||    39
       Ration            |       |     1 |     3 |     3 ||     7
Armor: Scale mail        |    32 |    46 |    33 |       ||   111
       Plate armour      |       |       |    32 |    33 ||    65
       Chain mail        |       |       |    29 |   159 ||   188
Dodge: Dodged            |    40 |    33 |    71 |   112 ||   256
Block: Shield            |    51 |    64 |   166 |   321 ||   602
